 Dungeon Crawl Stone Soup version 0.20-a0-927-g1ae2c61 (webtiles) character file.

184 Apophis the Slasher (level 5, -5/45 HPs)
             Began as a Draconian Monk on Mar 28, 2017.
             Slain by Menkaure (16 damage)
             ... on level 4 of the Dungeon.
             The game lasted 00:03:23 (3675 turns).

Apophis the Slasher (Draconian Monk)                Turns: 3675, Time: 00:03:23

Health: -5/45      AC:  5    Str: 14    XL:     5   Next: 36%
Magic:  5/5        EV: 13    Int: 10    God:
Gold:   143        SH:  0    Dex: 14    Spells: 4/4 levels left

rFire    . . .     SeeInvis .   a - +0 falchion
rCold    + . .     Gourm    .   (no shield)
rNeg     . . .     Faith    .   (armour unavailable)
rPois    .         Spirit   .   (helmet restricted)
rElec    .         Reflect  .   (no cloak)
rCorr    .         Harm     .   (no gloves)
MR       .....                  (no boots)
Stlth    ++........             (no amulet)
Regen    0.2/turn               g - +1 ring of slaying
MPRegen  0.1/turn               A - ring of protection from cold

@: no status effects
A: unfitting armour, cold-blooded, AC +5
a: no special abilities


You were on level 4 of the Dungeon.
You were not hungry.

You visited 1 branch of the dungeon, and saw 4 of its levels.

You collected 143 gold pieces.

Inventory:

Hand Weapons
 a - a +0 falchion (weapon)
 G - a +0 blowgun
Missiles
 H - 7 poisoned needles
Jewellery
 g - a +1 ring of slaying (left hand)
 p - an uncursed ring of fire
 x - an uncursed ring of flight
 A - a ring of protection from cold (right hand)
Wands
 v - a wand of lightning (8/15)
 w - a wand of iceblast (5/15)
Scrolls
 h - a scroll of random uselessness {unknown}
 m - a scroll of recharging {unknown}
 n - a scroll of blinking {unknown}
 q - a scroll of noise {unknown}
 s - a scroll of enchant weapon {unknown}
 y - a scroll of fog {unknown}
 C - 3 scrolls of magic mapping {unknown}
 D - a scroll of amnesia {unknown}
Potions
 e - 2 potions of agility
 i - 3 potions of brilliance
 j - 2 potions of heal wounds
 o - a potion of berserk rage {unknown}
 r - a potion of might {unknown}
 u - a potion of haste {unknown}
 B - a potion of curing {unknown}
 E - a potion of mutation {unknown}
Comestibles
 b - 3 bread rations
 c - 2 chunks of flesh
 d - 3 meat rations
 f - 2 fruits
 z - a royal jelly


   Skills:
 - Level 3.2 Fighting
 + Level 6.1 Long Blades
 - Level 2.6 Dodging
 - Level 1.7 Stealth


You had 4 spell levels left.
You didn't know any spells.

Dungeon Overview and Level Annotations

Branches:
Dungeon (4/15)
 Temple: D:4-7

Altars:

Annotations:
D:4 Menkaure


Innate Abilities, Weirdness & Mutations

Your plain brown scales are hard. (AC +5)
You cannot fit into any form of body armour.
You are cold-blooded and may be slowed by cold attacks.


Message History

Menkaure hits you!
You hit Menkaure.
Menkaure is heavily damaged.
You barely miss Menkaure. You tail-slap Menkaure.
Menkaure is severely damaged.
Menkaure barely misses you.
You riposte.
You barely miss Menkaure.
Menkaure is severely damaged.
You hit Menkaure but do no damage.
Menkaure is severely damaged.
Menkaure gestures wildly while chanting.
Menkaure seems to speed up.
You hit Menkaure but do no damage.
Menkaure is severely damaged.
Menkaure rustles in an indecipherable tongue.
Menkaure hits you!
* * * LOW HITPOINT WARNING * * *
You slash Menkaure!
Menkaure is almost destroyed.
Menkaure hits you!
You die...

....................#.#
......#.......รท.......#
......#..............#
.....................##
#.................#
#..8#.<............#..
#.. #.#####.........# .
#. #....###$... #.
####@# .... +.
#...M....... #.
#........### #.
............. #.
.....#.#.#..###
............#
.#...#.#.#.##
.#........#


You could see Menkaure.

Vanquished Creatures
  An orc priest (D:3)
  A worker ant (D:3)
  4 adders
  2 oozes (D:1)
  2 worms
  2 dart slugs
  3 leopard geckos
  7 orcs (D:3)
  10 bats
  4 giant cockroaches
  5 goblins
  6 hobgoblins (D:3)
  3 quokkas
  3 frilled lizards
  12 kobolds
  10 rats
75 creatures vanquished.

Notes
Turn   | Place    | Note
-------+----------+-------------------------------------------
     0 | D:1      | Apophis the Draconian Monk began the quest for the Orb.
     0 | D:1      | Reached XP level 1. HP: 19/19 MP: 1/1
   120 | D:1      | Reached XP level 2. HP: 26/26 MP: 2/2
   514 | D:1      | Reached skill level 4 in Long Blades
   725 | D:2      | Reached XP level 3. HP: 29/31 MP: 3/3
  1177 | D:3      | Reached XP level 4. HP: 33/38 MP: 4/4
  1186 | D:3      | Reached skill level 5 in Long Blades
  2590 | D:3      | Reached XP level 5. HP: 45/45 MP: 5/5
  2631 | D:3      | Reached skill level 6 in Long Blades
  3661 | D:4      | Noticed Menkaure
  3675 | D:4      | Slain by Menkaure

Vault maps used:
D:1:      lemuel_arrival_rhombus
D:2:      first_bread
D:3:      minmay_guardbox
D:4:      old_standard_altar, serial_glass, glass_columns_b, glass_columns_a,
          item_on_display_a, minmay_strange_pillars, item_on_display_a,
          st_stairs_5, minivault_1, uniq_menkaure, uniq_sigmund

Skill      XL: |  1  2  3  4  5 |
---------------+----------------+-----
Long Blades    | 4 5 6 |  6.1
Fighting       | |  3.2
Dodging        | |  2.6
Stealth        | |  1.7

Action                   |  1- 3 |  4- 6 || total
-------------------------+-------+-------++-------
Melee: Falchion          |    96 |   122 ||   218
       Tailslap          |    16 |    18 ||    34
  Use: Scroll            |       |     6 ||     6
 Stab: Sleeping          |     3 |     1 ||     4
  Eat: Chunk             |     1 |     8 ||     9
Armor: Skin              |    34 |    18 ||    52
Dodge: Dodged            |    64 |    84 ||   148
       Rpst.: Falchion   |    21 |    22 ||    43
